 Dungeon Crawl Stone Soup version 0.23.2-33-g5129a83184 (webtiles) character file.

Game seed: 592782564966477230

113 funkygono the Shield-Bearer (level 5, -1/42 HPs)
             Began as a Formicid Fighter on July 3, 2019.
             Slain by an orc
             ... wielding a +0 club
              (3 damage)
             ... on level 3 of the Dungeon.
             The game lasted 00:03:53 (2289 turns).

funkygono the Shield-Bearer (Formicid Fighter)      Turns: 2289, Time: 00:03:53

Health: -1/42      AC:  7    Str: 22    XL:     5   Next: 17%
Magic:  5/5        EV:  8    Int:  7    God:
Gold:   21         SH: 11    Dex: 10    Spells: 4/4 levels left

rFire    . . .     SeeInvis +   a - +0 flail
rCold    . . .     Gourm    .   c - +1 shield
rNeg     . . .     Faith    .   b - +0 scale mail
rPois    .         Spirit   .   (helmet unavailable)
rElec    .         Reflect  .   (no cloak)
rCorr    .         Harm     .   (no gloves)
MR       .....                  (no boots)
Stlth    ..........             (no amulet)
HPRegen  0.14/turn              (no ring)
MPRegen  0.09/turn              (no ring)

@: no status effects
A: permanent stasis, dig shafts and tunnels, four strong arms, antennae 3
a: Dig, Shaft Self


You were on level 3 of the Dungeon.
You were hungry.

You visited 1 branch of the dungeon, and saw 3 of its levels.

You collected 21 gold pieces.

Inventory:

Hand Weapons
 a - a +0 flail (weapon)
Missiles
 k - 36 stones (quivered)
Armour
 b - a +0 scale mail (worn)
 c - a +1 shield (worn)
Potions
 d - a potion of might
 e - a potion of magic {unknown}
 i - 2 potions of flight
 j - a potion of curing
 l - a potion of cancellation {unknown}
Comestibles
 f - 5 rations


   Skills:
 + Level 3.8 Fighting
 + Level 3.1 Maces & Flails
 + Level 4.1 Armour
 + Level 0.3 Dodging
 + Level 0.2 Stealth
 + Level 4.6 Shields


You had 4 spell levels left.
You didn't know any spells.
Your spell library was empty.

Dungeon Overview and Level Annotations

Branches:
Dungeon (3/15)

Altars:
Xom


Innate Abilities, Weirdness & Mutations

You cannot be hasted, slowed, berserked, paralysed or teleported.
You can dig through walls and to a lower floor.
Your four strong arms can wield two-handed weapons with a shield.
You have a pair of large antennae on your head. (SInv)


Message History

You barely miss the orc priest. You block the orc priest's attack.
You hit the orc priest.
The orc priest is lightly wounded.
The orc priest hits you but does no damage.
The orc priest calls down the wrath of Beogh upon you.
Beogh smites you!
You barely miss the orc priest.
The orc priest is lightly wounded.
You block the orc priest's attack.
You hit the orc priest.
The orc priest is heavily wounded.
The orc priest calls down the wrath of Beogh upon you.
Beogh smites you!
* * * LOW HITPOINT WARNING * * *
You sock the orc priest!
You kill the orc priest!
Your Maces & Flails skill increases to level 3!
You have reached level 5!
The orc hits you with a +0 club.
You die... .##.# { { .#.# ..o# oo#

{oo#
{#o#
#.#
#o#
#@#
#<#
#.#
#.#
#.#
#.#
#.#
#.#
#$#


You could see an orc priest and 6 orcs.

Vanquished Creatures
  An orc priest (D:3)
  3 adders
  An ooze (D:2)
  3 dart slugs (D:1)
  A leopard gecko (D:2)
  2 orcs (D:3)
  7 bats
  3 goblins
  4 hobgoblins
  6 jackals
  2 frilled lizards (D:1)
  5 kobolds
  5 rats
43 creatures vanquished.

Notes
Turn   | Place    | Note
-------+----------+-------------------------------------------
     0 | D:1      | funkygono the Formicid Fighter began the quest for the Orb.
     0 | D:1      | Reached XP level 1. HP: 18/18 MP: 1/1
    92 | D:1      | Reached XP level 2. HP: 24/24 MP: 2/2
   608 | D:1      | Reached XP level 3. HP: 29/29 MP: 3/3
  1568 | D:2      | Found a burning altar of Makhleb.
  1570 | D:2      | Found an iron altar of Okawaru.
  1570 | D:2      | Found a shimmering altar of Xom.
  1574 | D:2      | Found a snail-covered altar of Cheibriados.
  1574 | D:2      | Found a bloodstained altar of Trog.
  1574 | D:2      | Found a burning altar of Makhleb.
  1642 | D:2      | Reached XP level 4. HP: 37/37 MP: 4/4
  2289 | D:3      | Reached XP level 5. HP: 2/42 MP: 5/5
  2289 | D:3      | Slain by an orc

Skill      XL: |  1  2  3  4 |
---------------+-------------+-----
Shields        | 4 |  4.6
Armour         | 4 |  4.1
Maces & Flails | 3 |  3.1
Fighting       | |  3.8
Dodging        | |  0.3
Stealth        | |  0.2

Action                   |  1- 3 |  4- 6 || total
-------------------------+-------+-------++-------
Melee: Flail             |   115 |    59 ||   174
 Abil: Dig               |     2 |       ||     2
  Use: Scroll            |     6 |       ||     6
  Eat: Chunk             |     3 |     1 ||     4
Armor: Scale mail        |    74 |    22 ||    96
Dodge: Dodged            |    49 |    11 ||    60
Block: Shield            |    79 |    40 ||   119
